Map: Catalyst LE

Players

Scarlett - Winner!

  • Race: Zerg Zerg
  • Spawn Location: 11:00

Serral

  • Race: Zerg Zerg
  • Spawn Location: 5:00

Event: IEM Season 12 - PyeongChang

VOD

Have the link to the VOD?

Description

Time

  • Played on: Feb. 5, 2018, 10:40 p.m.
  • Length: 6:19

All games in this series

Show
View Real Time Build Order
Export as new Build Order

Scarlett Zerg - Winner!

Build Orders: Hatch First 

Get SALT Encoding   

  12  0:01  Drone  
  13  0:12  Overlord  
  13  0:16  Drone  
  14  0:30  Drone x2  
  14  0:35  Drone  
  17  0:50  Hatchery  
  17  0:54  Drone  
  17  1:08  Spawning Pool  
  17  1:11  Drone  
  17  1:14  Drone  
  17  1:16  Extractor  
  17  1:20  Drone  
  18  1:29  Drone  
  19  1:39  Drone  
  20  1:49  Overlord  
  20  1:54  Queen  
  22  2:02  Queen  
  22  2:03  Drone x2  
  26  2:10  Drone  
  26  2:13  Drone  
  29  2:22  Drone  
  29  2:26  Drone  
  30  2:30  Lair  
  30  2:33  Zergling x2  
  31  2:38  Queen  
  31  2:43  Roach Warren  
  32  2:46  Drone  
  32  2:47  Evolution Chamber  
  32  2:48  Extractor  
  32  2:51  Overlord  
  31  2:54  Drone  
  32  3:00  Drone x2  
  32  3:03  Drone  
  32  3:04  Drone  
  36  3:13  Zerg Missile Weapons Level 1  
  36  3:14  Overlord  
  36  3:21  Drone x2  
  36  3:22  Drone  
  39  3:29  Glial Reconstitution  
  39  3:39  Roach x3  
  45  3:50  Roach x2  
  49  3:58  Roach  
  51  4:03  Overlord x2  
  51  4:11  Overlord  
  51  4:22  Roach  
  51  4:23  Roach x5  
  63  4:25  Roach  
  65  4:33  Roach  
  65  4:37  Roach x2  
  71  4:46  Roach  
  71  4:49  Roach  
  74  5:02  Roach  
  74  5:03  Overlord  
  72  5:18  Roach x3  
  76  5:32  Roach x6  
  84  5:37  Hatchery  
  79  5:43  Roach x2  
  79  5:52  Roach  
Show
View Real Time Build Order
Export as new Build Order

Serral Zerg 

Build Orders: Hatch First 

Get SALT Encoding   

  12  0:00  Drone  
  13  0:12  Overlord  
  13  0:18  Drone  
  14  0:31  Drone x2  
  14  0:35  Drone  
  17  0:52  Hatchery  
  17  0:55  Drone  
  17  0:57  Drone  
  17  1:01  Extractor  
  17  1:13  Spawning Pool  
  17  1:16  Drone  
  17  1:19  Drone  
  18  1:28  Drone  
  19  1:38  Overlord  
  19  1:52  Drone  
  20  2:00  Queen, Zergling x2  
  20  2:01  Metabolic Boost  
  23  2:04  Queen  
  23  2:08  Zergling x2  
  26  2:12  Drone  
  26  2:14  Drone  
  28  2:21  Drone  
  29  2:25  Drone  
  30  2:37  Hatchery  
  30  2:43  Baneling Nest  
  28  2:45  Drone  
  28  2:49  Drone  
  30  2:53  Overlord  
  30  2:55  Drone  
  31  2:58  Drone  
  31  3:01  Drone  
  33  3:09  Overlord  
  33  3:11  Drone x3  
  37  3:15  Drone  
  37  3:16  Drone x2  
  40  3:20  Overlord  
  40  3:25  Drone  
  40  3:26  Evolution Chamber  
  40  3:27  Drone  
  40  3:33  Drone  
  41  3:41  Drone x4  
  45  3:44  Drone x2  
  45  3:45  Drone, Extractor x2  
  46  3:50  Roach Warren  
  46  3:53  Zerg Missile Weapons Level 1  
  44  3:56  Drone  
  44  4:00  Overlord  
  44  4:02  Zergling x4  
  47  4:06  Drone  
  47  4:07  Drone  
  49  4:11  Overlord  
  49  4:12  Queen  
  52  4:17  Drone  
  52  4:30  Roach x3  
  58  4:32  Roach x3  
  58  4:36  Roach x2  
  67  4:39  Overlord  
  67  4:44  Roach  
  67  4:45  Roach  
  71  4:51  Roach  
  70  5:01  Roach x5  
  70  5:06  Overlord  
  80  5:13  Roach  
  80  5:14  Roach x2  
  82  5:20  Roach x4  
  74  5:29  Roach x5  
  74  5:34  Roach  
  72  5:41  Roach x2  
  72  5:42  Roach  
  71  5:47  Roach  
  71  5:49  Roach  
  63  5:52  Roach  
  63  5:55  Roach  
  55  5:59  Roach  

Tags
 
Add a new tag
Caveats
  • Supply blocks, unpowered buildings, or Contaminate may cause inaccurate times.
  • Supply counts are checked every 10 seconds.